cohdb
Replays
Latest Replays
All Replays
Popular Replays
Top Player Replays
Match Explorer
How It Works
Community
CoH3 Stats
Reddit
Sign in to upload your games and track your stats! →
Sign in with Steam
Match 43490586
Unlisted
Match 43490586
Overview
Messages
Build Orders
End
Construct Barracks
Selects Special Operations Battlegroup
Selects M29 Weasel Recon Vehicle
M29 Weasel Recon Vehicle
Riflemen Squad
Riflemen Squad
Riflemen Squad
Infantry Support Center
Construct Motor Pool
M8 Greyhound Armored Car
Engineer Squad
M1918 Browning Automatic Rifles
Selects Raiding Flares
Selects SSF Commando Squad
SSF Commando Squad
Grenade Package
Construct Tank Depot
M18 Hellcat Tank Destroyer
M18 Hellcat Tank Destroyer
Selects Air Re-supply Operation
Selects P-47 Anti-Infantry Loiter
Selects UNKNOWN (2162291)
M4A1 Sherman Whizbang
Engineer Squad
M18 Hellcat Tank Destroyer
REDFORCE
Take care of yourself
DebaKLe
p.r.a.s.a. [SK]
0
0
Comments
sign in to comment!
No comments posted yet!